 Dungeon Crawl Stone Soup version 0.25-a0-701-gb30f108f01 (webtiles) character file.

Game seed: 4630700526449685190, levelgen mode: deterministic

451 FessEmpty the Magician (level 6, 32/32 HPs)
             Began as a Deep Elf Venom Mage on Jan 12, 2020.
             Got out of the dungeon alive.
             The game lasted 00:22:59 (4674 turns).

FessEmpty the Magician (Deep Elf Venom Mage)        Turns: 4674, Time: 00:23:00

Health: 32/32      AC:  5    Str:  5    XL:     6   Next: 75%
Magic:  16/17      EV: 13    Int: 22    God:
Gold:   166        SH:  0    Dex: 15    Spells: 8/18 levels left

rFire    . . .     SeeInvis .   x - +0 short sword
rCold    . . .     Gourm    .   (no shield)
rNeg     . . .     Faith    .   a - +0 robe
rPois    .         Spirit   .   (no helmet)
rElec    .         Reflect  .   (no cloak)
rCorr    .         Harm     .   (no gloves)
MR       +....                  k - +2 pair of boots
Stlth    +.........             o - amulet of rage
HPRegen  0.10/turn              f - ring of attention (curse)
MPRegen  0.15/turn              q - ring of protection from magic

@: no status effects
A: no striking features
a: Evoke Berserk Rage


You escaped.
You were hungry.

You visited 2 branches of the dungeon, and saw 5 of its levels.
You also visited: Sewer.

You collected 166 gold pieces.

Inventory:

Hand Weapons
 e - a +0 club
 x - a +0 short sword (weapon)
Missiles
 j - 23 poisoned darts (quivered)
Armour
 a - a +0 robe (worn)
 k - a +2 pair of boots (worn)
Jewellery
 f - a cursed ring of attention (left hand)
 g - an uncursed ring of protection from cold
 o - an amulet of rage (around neck)
 q - a ring of protection from magic (right hand)
 t - a +3 ring of strength {unknown}
Scrolls
 b - 3 scrolls of identify
 d - 2 scrolls of fear {unknown}
 i - a scroll of amnesia {unknown}
 m - a scroll of enchant weapon {unknown}
 n - a scroll of remove curse {unknown}
 p - a scroll of enchant armour {unknown}
 r - 5 scrolls of teleportation {unknown}
 s - a scroll of noise {unknown}
 y - a scroll of magic mapping {unknown}
 C - a scroll of blinking {unknown}
Potions
 h - a potion of curing {unknown}
 l - a potion of mutation {unknown}
 u - 2 potions of brilliance {unknown}
 v - 3 potions of degeneration {unknown}
 w - a potion of lignification {unknown}
 z - a potion of heal wounds {unknown}
 A - 2 potions of flight {unknown}
 B - a potion of haste {unknown}
Comestibles
 c - 7 rations


   Skills:
 - Level 2.4 Dodging
 - Level 2.4 Stealth
 + Level 6.5 Spellcasting
 - Level 1.1 Transmutations
 + Level 2.9 Air Magic
 + Level 5.9 Poison Magic


You had 8 spell levels left.
You knew the following spells:

 Your Spells              Type           Power        Failure   Level  Hunger
a - Sting                 Tmut/Pois      ###.         1%          1    None
b - Poisonous Vapours     Pois/Air       ####..       2%          2    None
c - Olgreb's Toxic Radia  Pois           ####....     8%          4    ###....
d - Mephitic Cloud        Conj/Pois/Air  ###.....     8%          3    #......

Your spell library contained the following spells:

 Spells                   Type           Power        Failure   Level  Hunger
 Corona                   Hex            #......      9%          1    None
 Ignite Poison            Fire/Tmut/Pois ###.....     10%         3    #......
 Ensorcelled Hibernation  Hex/Ice        #.....       13%         2    None
 Confusing Touch          Hex            #.......     26%         3    #......
 Dazzling Flash           Conj/Hex       #.....       26%         3    #......
 Tukima's Dance           Hex            #.......     26%         3    #......


Dungeon Overview and Level Annotations

Branches:
Dungeon (4/15)             Temple (1/1) D:4           Sewer (visited)

Altars:
Ashenzari
Cheibriados
Dithmenos
Elyvilon
Gozag
Hepliaklqana
Kikubaaqudgha
Okawaru
Qazlal
Ru
Uskayaw
Wu Jian
Yredelemnul
The Shining One


Message History

All of the chunks of flesh in your inventory have rotted away.
Partly explored, can't reach some places.
(D) Dungeon (T) Temple
Where to? (Enter - D:4 @ (x,y), ? - help)
There is a staircase back to the Dungeon here.
You climb upwards.
Welcome back to the Dungeon!
The leopard gecko barely misses you. x2
The leopard gecko is too close now for your liking.
There is a staircase to the Ecumenical Temple here.
Casting: Sting (safe; 2% risk of failure)
Confirm with . or Enter, or press ? or * to list all spells.
Aiming: Sting (safe; 2% risk of failure)
Press: ? - help, Shift-Dir - straight line, f - leopard gecko
Aim: a leopard gecko The sting hits the leopard gecko.
The leopard gecko is poisoned.
The leopard gecko is almost dead.
The leopard gecko barely misses you.
Casting: Sting (safe; 2% risk of failure)
Confirm with . or Enter, or press ? or * to list all spells.
Aiming: Sting (safe; 2% risk of failure)
Press: ? - help, Shift-Dir - straight line, f/p - leopard gecko
Aim: a leopard gecko (almost dead, poisoned)
The sting hits the leopard gecko.
The leopard gecko looks even sicker.
You kill the leopard gecko!
w - a bubbling yellow potion
There is an open door here.
Magic restored.
You now have 147 gold pieces (gained 7).
The phantom is too close now for your liking.
The phantom blinks!
The phantom hits you but does no damage.
Throwing (i - inventory)
j - 23 poisoned darts (quivered)
Press: ? - help, Shift-Dir - straight line, f - phantom
Aim: a phantom
Okay, then.
The phantom blinks!
There is a stone staircase leading up here.
The phantom blinks!
You climb upwards.
There is a stone staircase leading down here.
There is a stone staircase leading down here.
You climb downwards.
There is a stone staircase leading up here.
You see here a stone.
There is an open door here.
Things that are here:
10 stones; a +0 spear
Found an escape hatch in the floor.
You are feeling hungry.
You now have 166 gold pieces (gained 19).
A gnoll comes into view. It is wielding a +0 spear.
The gnoll shouts!
You hear a shout!
A gnoll comes into view. It is wielding a +0 flail.
Casting: Sting (safe; 2% risk of failure)
Confirm with . or Enter, or press ? or * to list all spells.
Aiming: Poisonous Vapours (safe; 2% risk of failure)
Press: ? - help, Dir - move target cursor, f - gnoll
Aim: a gnoll, wielding a +0 spear Poisonous vapours surround the gnoll!
The gnoll is poisoned.
Casting: Poisonous Vapours (safe; 2% risk of failure)
Confirm with . or Enter, or press ? or * to list all spells.
Aiming: Sting (safe; 2% risk of failure)
Press: ? - help, Shift-Dir - straight line, f/p - gnoll
Aim: a gnoll, wielding a +0 spear (poisoned)
The sting hits the gnoll but does no damage.
The gnoll looks even sicker.
Casting: Sting (safe; 2% risk of failure)
Confirm with . or Enter, or press ? or * to list all spells.
Aiming: Sting (safe; 2% risk of failure)
Press: ? - help, Shift-Dir - straight line, f/p - gnoll
Aim: a gnoll, wielding a +0 spear (lightly wounded, very poisoned)
The sting hits the gnoll.
The gnoll looks even sicker.
The gnoll is moderately wounded.
The gnoll closely misses you.
Casting: Sting (safe; 2% risk of failure)
Confirm with . or Enter, or press ? or * to list all spells.
Aiming: Sting (safe; 2% risk of failure)
Press: ? - help, Shift-Dir - straight line, f/p - gnoll
Aim: a gnoll, wielding a +0 spear (moderately wounded, very poisoned)
The sting misses the gnoll.
The gnoll hits you but does no damage.
Casting: Sting (safe; 2% risk of failure)
Confirm with . or Enter, or press ? or * to list all spells.
Aiming: Mephitic Cloud (safe; 9% risk of failure)
Press: ? - help, Shift-Dir - straight line, f/p - gnoll
Aim: a gnoll, wielding a +0 spear (moderately wounded, very poisoned)
The ball explodes into a vile cloud!
The stinking cloud engulfs the gnoll but does no damage.
The gnoll is moderately wounded.
The stinking cloud engulfs the gnoll but does no damage.
You hear a shout! x2
The gnoll is engulfed in noxious fumes.
The gnoll closely misses you.
The gnoll is engulfed in noxious fumes.
The gnoll appears confused.
The gnoll misses the gnoll.
The orc priest shouts!
The gnoll is engulfed in noxious fumes.
The gnoll appears confused.
The gnoll is engulfed in noxious fumes.
The gnoll appears confused.
The gnoll barely misses the gnoll.
The gnoll is engulfed in noxious fumes.
The gnoll appears confused.
You kill the gnoll!
The gnoll is engulfed in noxious fumes.
The gnoll appears confused.
Casting: Mephitic Cloud (safe; 9% risk of failure)
Confirm with . or Enter, or press ? or * to list all spells.
Aiming: Sting (safe; 2% risk of failure)
Press: ? - help, Shift-Dir - straight line, f - gnoll
Aim: a gnoll, wielding a +0 flail (noxious fumes, lightly wounded, confused)
The sting hits the gnoll.
The gnoll is poisoned.
The gnoll is moderately wounded.
The gnoll is engulfed in noxious fumes.
The gnoll appears confused.
The gnoll is engulfed in noxious fumes.
The gnoll appears confused.
Casting: Sting (safe; 2% risk of failure)
Confirm with . or Enter, or press ? or * to list all spells.
You can't see any susceptible monsters within range! (Use Z to cast anyway.)
You kill the gnoll!
The orc priest looks satisfied for a moment.
Casting: Sting (safe; 2% risk of failure)
Confirm with . or Enter, or press ? or * to list all spells.
Aiming: Sting (safe; 2% risk of failure)
Press: ? - help, Shift-Dir - straight line, f - orc
Aim: an orc, wielding a +0 dagger The sting hits the orc!
The orc is poisoned.
You kill the orc!
Casting: Sting (safe; 2% risk of failure)
Confirm with . or Enter, or press ? or * to list all spells.
Aiming: Poisonous Vapours (safe; 2% risk of failure)
Press: ? - help, Dir - move target cursor, f - orc priest
Aim: an orc priest, wielding a +0 whip and wearing a +0 ring mail
Okay, then.
Unknown command.
Unknown command.
Casting: Poisonous Vapours (safe; 2% risk of failure)
Confirm with . or Enter, or press ? or * to list all spells.
Aiming: Mephitic Cloud (safe; 9% risk of failure)
Press: ? - help, Shift-Dir - straight line, f - orc priest
Aim: an orc priest, wielding a +0 whip and wearing a +0 ring mail The ball explodes into a vile cloud!
The stinking cloud engulfs the orc priest but does no damage.
You hear a shout!
The orc priest is engulfed in noxious fumes.
The orc priest appears confused.
Casting: Mephitic Cloud (safe; 9% risk of failure)
Confirm with . or Enter, or press ? or * to list all spells.
Aiming: Sting (safe; 2% risk of failure)
Press: ? - help, Shift-Dir - straight line, f/p - orc priest
Aim: an orc priest, wielding a +0 whip and wearing a +0 ring mail (noxious fumes, confused)
The sting hits the orc priest but does no damage.
The orc priest is poisoned.
The orc priest is engulfed in noxious fumes.
The orc priest appears confused.
Casting: Sting (safe; 2% risk of failure)
Confirm with . or Enter, or press ? or * to list all spells.
Aiming: Sting (safe; 2% risk of failure)
Press: ? - help, Shift-Dir - straight line, f/p - orc priest
Aim: an orc priest, wielding a +0 whip and wearing a +0 ring mail (lightly wounded, poisoned, confused)
The sting hits the orc priest but does no damage.
The orc priest looks even sicker.
The orc priest is lightly wounded.
Casting: Sting (safe; 2% risk of failure)
Confirm with . or Enter, or press ? or * to list all spells.
Aiming: Sting (safe; 2% risk of failure)
Press: ? - help, Shift-Dir - straight line, f/p - orc priest
Aim: an orc priest, wielding a +0 whip and wearing a +0 ring mail (noxious fumes, moderately wounded, very poisoned, confused)
The sting hits the orc priest.
The orc priest looks even sicker.
The orc priest is moderately wounded.
The orc priest is engulfed in noxious fumes.
The orc priest appears confused.
Casting: Sting (safe; 2% risk of failure)
Confirm with . or Enter, or press ? or * to list all spells.
Aiming: Sting (safe; 2% risk of failure)
Press: ? - help, Shift-Dir - straight line, f/p - orc priest
Aim: an orc priest, wielding a +0 whip and wearing a +0 ring mail (heavily wounded, very poisoned, confused)
The sting hits the orc priest but does no damage.
The orc priest looks as sick as possible!
The orc priest is heavily wounded.
You catch the helpless orc priest completely off-guard!
You hit the orc priest.
You kill the orc priest!
Saving game... please wait.
Welcome back, FessEmpty the Deep Elf Venom Mage.
Press ? for a list of commands and other information.
(D) Dungeon (T) Temple
Where to? (? - help)
What level of the Dungeon? (default 1, ? - help)
Things that are here:
10 stones; a +0 spear
There is an open door here.
There is a stone staircase leading up here.
You climb upwards.
There is a stone staircase leading down here.
You see here a +0 club.
There is a stone staircase leading up here.
You climb upwards.
There is a stone staircase leading down here.
There is a stone staircase leading up here.
You climb upwards.
There is a stone staircase leading down here.
You enter the shallow water.
Moving in this stuff is going to be slow.
There is a staircase leading out of the dungeon here.
Are you sure you want to leave the Dungeon?
This will make you lose the game!
You have escaped!

##.....# ##'## #...# #.#.....
.####### #≈..♣♣ #...#####.#.####
.# #≈...♣♣#...........# .#
#≈...P♣#....#.##.#.# .##
#≈....♣#....#.##.#.#### ..#
#≈≈.P.♣#............... ..#
#≈≈≈...#.#.#..######### ..#
#.≈≈≈..#.#.#..# ..##
#.≈P≈.@#.#.#..# #..#
#>≈P≈≈.#.#.#..##### ##.#
#.≈PP≈≈#.#.#......# ##.##
#.≈≈PP≈#.#)#.####.#### .#..#
#..≈PP≈#.#.#.........# .##.#
#..≈≈≈≈#.###.........#
.##.#######...≈≈≈#.###..#.####.#
##........#♣...≈≈#........).##.#
#..###...#♣...≈≈#.##.#.#.#.##.#


There were no monsters in sight!

Vanquished Creatures
  2 big kobolds (Sewer)
  An orc priest (D:4)
  A worker ant (D:4)
  An iguana (D:4)
  5 gnolls
  5 adders
  2 river rats
  2 oozes
  4 dart slugs
  6 worms
  3 leopard geckos
  5 orcs
  2 giant cockroaches
  8 goblins
  10 hobgoblins
  7 jackals (D:1)
  5 ball pythons
  12 bats
  5 frilled lizards
  10 kobolds
  6 rats
102 creatures vanquished.

Notes
Turn   | Place    | Note
-------+----------+-------------------------------------------
     0 | D:1      | FessEmpty the Deep Elf Venom Mage began the quest for the
                  | Orb.
     0 | D:1      | Reached XP level 1. HP: 10/10 MP: 6/6
   133 | D:1      | Reached XP level 2. HP: 14/15 MP: 4/8
   571 | D:1      | You fall into a shaft and drop 1 floor!
   573 | D:2      | Reached skill level 4 in Spellcasting
   667 | D:1      | Reached XP level 3. HP: 19/19 MP: 8/10
  1448 | D:2      | Found a shadowy altar of Dithmenos.
  1448 | D:2      | Found a sacrificial altar of Ru.
  1462 | D:1      | Reached XP level 4. HP: 6/24 MP: 9/12
  2081 | D:2      | Noticed a +0 dagger
  2081 | D:2      | Noticed a +0 hand axe
  2083 | D:2      | Found a hide-covered altar of Uskayaw.
  2111 | D:2      | Found a hazy altar of Hepliaklqana.
  2120 | D:2      | Reached skill level 5 in Spellcasting
  2128 | D:2      | Learned a level 2 spell: Poisonous Vapours
  2450 | D:3      | Found a faded altar of an unknown god.
  2571 | D:3      | Noticed a water elemental
  2572 | D:3      | Found a stormy altar of Qazlal.
  2573 | D:3      | Noticed an earth elemental
  2574 | D:3      | Noticed an air elemental
  2574 | D:3      | Noticed a fire elemental
  2900 | D:4      | Reached skill level 1 in Air Magic
  2900 | D:4      | Reached XP level 5. HP: 26/28 MP: 9/14
  2911 | D:4      | Learned a level 4 spell: Olgreb's Toxic Radiance
  2915 | D:4      | Learned a level 3 spell: Mephitic Cloud
  2931 | D:4      | Reached skill level 5 in Poison Magic
  2954 | D:4      | Noticed a phantom
  3276 | D:4      | Found a glowing drain.
  3314 | Sewer    | Entered a sewer
  3480 | Sewer    | Reached XP level 6. HP: 32/32 MP: 2/16
  3486 | Sewer    | Reached skill level 6 in Spellcasting
  4221 | D:4      | Found a staircase to the Ecumenical Temple.
  4230 | Temple   | Entered the Ecumenical Temple
  4591 | D:4      | Upgraded the game from 0.25-a0-404-gc1b5a34292 to
                  | 0.25-a0-701-gb30f108f01
  4674 | D:$      | Got out of the dungeon alive.

Levels and vault maps discovered:
D:1:      tarquinn_simple_flora_water_c, layout_basic
D:2:      layout_rooms, grunt_temple_overflow_open, old_standard_altar,
          dancing_weapons_uskayaw, first_ration
D:3:      layout_loops_ring, nicolae_qazlal_style_of_elements,
          chequers_ecumenical_altar_island
D:4:      layout_loops_corners, minmay_temple_entry_tees,
          cheibrodos_sewer_entry_sluice
Temple:   compressed_dpeg_triangle_lava_temple

Skill      XL: |  1  2  3  4  5  6 |
---------------+-------------------+-----
Spellcasting   | 4 5 6 |  6.5
Poison Magic   | 4 5 |  5.9
Air Magic      | 1 2 |  2.9
Dodging        | |  2.4
Stealth        | |  2.4
Transmutations | |  1.1

Action                   |  1- 3 |  4- 6 || total
-------------------------+-------+-------++-------
Melee: Club              |    32 |    12 ||    44
       Short sword       |       |     4 ||     4
 Cast: Sting             |    64 |   124 ||   188
       Poisonous Vapours |       |     9 ||     9
       Mephitic Cloud    |       |     8 ||     8
       Olgreb's Toxic Ra |       |     2 ||     2
  Use: Scroll            |       |     1 ||     1
 Stab: Confused          |       |     1 ||     1
  Eat: Chunk             |     2 |     9 ||    11
Armor: Robe              |    12 |    13 ||    25
Dodge: Dodged            |    40 |    48 ||    88

Table legend:
 A = Non-vault XP
 B = Vault XP
 C = Vault XP percentage of total XP
 D = Non-vault monster count
 E = Vault monster count
 F = Vault count percentage of total count
                 A         B        C        D         E       F
            +---------+---------+-------+---------+---------+-------
      Total |     368 |     277 |  42.9 |      81 |      21 |  20.6
            +---------+---------+-------+---------+---------+-------
        D:1 |      92 |       0 |   0.0 |      41 |       0 |   0.0
        D:2 |      52 |       0 |   0.0 |      13 |       0 |   0.0
        D:3 |      23 |       0 |   0.0 |      13 |       0 |   0.0
        D:4 |     201 |      20 |   9.0 |      14 |       3 |  17.6
      Sewer |       0 |     257 | 100.0 |       0 |      18 | 100.0
            +---------+---------+-------+---------+---------+-------
